 Dungeon Crawl Stone Soup version 0.18.1-8-gdd0e5ea (webtiles) character file.

4 M4edhros the Grave Robber (level 1, -2/11 HPs)
             Began as an Octopode Necromancer on June 6, 2016.
             Slain by a giant newt (3 damage)
             ... on level 1 of the Dungeon.
             The game lasted 00:00:40 (135 turns).

M4edhros the Grave Robber (Octopode Necromancer)     Turns: 135, Time: 00:00:41

Health: -2/11      AC:  1    Str:  7    XL:     1   Next: 70%
Magic:  2/3        EV: 12    Int: 17    God:
Gold:   11         SH:  0    Dex: 15    Spells: 2 memorised, 2 levels left

rFire  . . .     SeeInvis .       - Unarmed
rCold  . . .     Gourm    .     (no shield)
rNeg   . . .     Faith    .     (helmet restricted)
rPois  .         Spirit   .     (no amulet)
rElec  .         Dismiss  .     c - +3 ring of dexterity
rCorr  .         Reflect  .     (no ring)
SustAt .         Harm     .     (no ring)
MR     .....                    (no ring)
Stlth  +++.......               (no ring)
                                (no ring)
                                (no ring)
                                (no ring)

@: not resistant to hostile enchantments, fairly stealthy
A: almost no armour, amphibious, 8 rings, constrict 8, camouflage 1, gelatinous
body 1
a: no special abilities


You were on level 1 of the Dungeon.
You were not hungry.

You visited 1 branch of the dungeon, and saw 1 of its levels.

You collected 11 gold pieces.

Inventory:

Jewellery
 c - a +3 ring of dexterity (left tentacle)
Scrolls
 d - a scroll of identify {unknown}
Books
 a - a book of Necromancy

   Spells                             Type                      Level
   a - Pain                           Necromancy                   1
   b - Animate Skeleton               Necromancy                   1
   c - Vampiric Draining              Necromancy                   3
   d - Regeneration                   Charms/Necromancy            3
   e - Animate Dead                   Necromancy                   4
   f - Control Undead                 Necromancy                   4
Comestibles
 b - a bread ration
 f - a chunk of flesh


   Skills:
 - Level 2.0 Dodging
 - Level 2.6 Stealth
 + Level 1.2 Unarmed Combat
 - Level 2.0 Spellcasting
 - Level 4.0 Necromancy


You had 2 spell levels left.
You knew the following spells:

 Your Spells              Type           Power        Failure   Level  Hunger
a - Pain                  Necr           ###.         3%          1    #......
b - Animate Skeleton      Necr           N/A          3%          1    #......


Dungeon Overview and Level Annotations

Branches:
Dungeon (1/15)

Altars:


Innate Abilities, Weirdness & Mutations

You cannot wear most types of armour.
You are amphibious.
You can wear up to eight rings at the same time.
You can use your tentacles to constrict eight enemies at once.
Your skin changes colour to match your surroundings (Stealth).
Your rubbery body absorbs attacks (AC +1).


Message History

Found a chain mail.
A giant newt comes into view.
Casting: Animate Skeleton
Confirm with . or Enter, or press ? or * to list all spells.
You can't see any susceptible monsters within range! (Use Z to cast anyway.)
Casting: Animate Skeleton
Confirm with . or Enter, or press ? or * to list all spells.
Aiming: Pain
Press: ? - help, Shift-Dir - straight line, f - giant newt
Aim: a giant newt (resting, chance to defeat MR: 92%)
The giant newt convulses in agony!
The giant newt misses you.
You miss the giant newt. Your grab misses the giant newt.
The giant newt is heavily wounded.
The giant newt bites you.
* * * LOW HITPOINT WARNING * * *
You closely miss the giant newt. Your grab misses the giant newt.
The giant newt is heavily wounded.
The giant newt bites you.
You die...

#. . #.. .# #.. .#
# #.# ####.. #.
#.# #...
##.##.###[#
#.........# ###
#.##......###.....
#..###Z@l...# #..#
#####..# #..# # #
#..#
#.##..#######.
#.............
#.######.#.######
#........#.#
##########.#


You could see a giant newt and a friendly bat skeleton.

Vanquished Creatures
  A giant cockroach (D:1)
  A goblin (D:1)
  A hobgoblin (D:1)
  A bat (D:1)
4 creatures vanquished.

Notes
Turn   | Place    | Note
--------------------------------------------------------------
     0 | D:1      | M4edhros the Octopode Necromancer began the quest for the Orb.
     0 | D:1      | Reached XP level 1. HP: 11/11 MP: 3/3
   111 | D:1      | Reached skill level 1 in Unarmed Combat
   121 | D:1      | Learned a level 1 spell: Animate Skeleton
   135 | D:1      | Slain by a giant newt

Skill      XL: |  1 |
---------------+----+-----
Unarmed Combat | 1 |  1.2
Dodging        | |  2.0
Stealth        | |  2.6
Spellcasting   | |  2.0
Necromancy     | |  4.0

Action                   || total
-------------------------++-------
Melee: Unarmed           ||    12
       Constrict         ||     3
       Tentacles         ||     3
 Cast: Pain              ||     1
       Animate Skeleton  ||     1
Dodge: Dodged            ||     5
